 Dungeon Crawl Stone Soup version 0.26-a0-812-g31a745ddcd (webtiles) character file.

Game seed: 1310619724721457840

151 mkm the Firebug (level 5, -8/28 HPs)
             Began as a Gargoyle Fire Elementalist on Dec 3, 2020.
             Killed by divine providence
             ... invoked by an orc priest
              (12 damage)
             ... on level 3 of the Dungeon.
             The game lasted 00:08:22 (3291 turns).

mkm the Firebug (Gargoyle Fire Elementalist)        Turns: 3291, Time: 00:08:23

Health: -8/28      AC:  8    Str: 11    XL:     5   Next: 33%
Magic:  8/9        EV: 12    Int: 17    God:
Gold:   132        SH:  0    Dex: 10    Spells: 9/10 levels left

rFire    . . .     SeeInvis .   o - +0 whip (freeze)
rCold    . . .     Faith    .   (no shield)
rNeg     + . .     Spirit   .   (no armour)
rPois    ∞         Reflect  .   f - +2 hat
rElec    +         Harm     .   i - +0 cloak
rCorr    .         Rampage  .   (no gloves)
MR       .....                  h - +0 pair of boots
Stlth    ++........             (no amulet)
HPRegen  0.09/turn              (no ring)
MPRegen  0.11/turn              (no ring)

@: no status effects
A: negative energy resistance 1, electricity resistance, unbreathing,
petrification resistance, rot immunity, AC +4
a: no special abilities


You were on level 3 of the Dungeon.
You visited 1 branch of the dungeon, and saw 3 of its levels.

You collected 132 gold pieces.

Inventory:

Hand Weapons
 o - a +0 whip of freezing (weapon)
Armour
 a - a +0 robe
 f - a +2 hat (worn)
 h - a +0 pair of boots (worn)
 i - a +0 cloak (worn)
Scrolls
 c - a scroll of enchant weapon {unknown}
 k - a scroll of amnesia {unknown}
 l - a scroll of teleportation {unknown}
 n - a scroll of identify {unknown}
Potions
 b - a potion of lignification {unknown}
 d - 2 potions of curing {unknown}
 g - a potion of attraction {unknown}
 j - a potion of flight {unknown}
 m - a potion of berserk rage {unknown}


   Skills:
 - Level 1.5 Dodging
 - Level 2.1 Stealth
 + Level 3.2 Spellcasting
 + Level 3.2 Conjurations
 + Level 4.1 Fire Magic


You had 9 spell levels left.
You knew the following spells:

 Your Spells              Type           Power        Failure   Level
a - Foxfire               Conj/Fire      ###.         3%          1

Your spell library contained the following spells:

 Spells                   Type           Power        Failure   Level
 Conjure Flame            Conj/Fire      ###.....     11%         3
 Inner Flame              Hex/Fire       #.......     22%         3
 Sticky Flame             Conj/Fire      ###.....     36%         4
 Fireball                 Conj/Fire      ###.......   71%         5


Dungeon Overview and Level Annotations

Branches:
Dungeon (3/15)

Altars:
Uskayaw
Wu Jian


Innate Abilities, Weirdness & Mutations

You are resistant to torment.
Your stone body is resilient. (AC +4)
You are immune to poison.
You resist negative energy. (rN+)
You are resistant to electric shocks. (rElec)
You can survive without breathing.
You are immune to petrification.
You are immune to rotting.


Message History

Casting: Foxfire (safe; 3% risk of failure)
Confirm with . or Enter, or press ? or * to list all spells.
You conjure some foxfire!
The foxfire hits the orc priest but does no damage.
Casting: Foxfire (safe; 3% risk of failure)
Confirm with . or Enter, or press ? or * to list all spells.
You conjure some foxfire!
Your foxfire dissipates!
The orc priest miscasts a cantrip.
The orc priest invokes the aid of Beogh against you.
Beogh smites you!
The foxfire hits the orc priest but does no damage.
The orc priest mumbles some strange prayers to Beogh against you.
Pain shoots through your body!
The orc priest calls down the wrath of Beogh upon you.
Beogh smites you!
* * * LOW HITPOINT WARNING * * *
The orc priest mumbles some strange prayers to Beogh against you.
Beogh smites you!
You die...

#....###†......##
######..........##### ..#
###..##..####... #.#
##.##..##...# #######.#
##........####### #....##.##
###..#...#####.....
##....#..###....#..## #....[
##.#.........###...#####.....
##.....o....@.##.#....##.....
#...##.o.####....####.##.....
#....###.#..#
##..<.###.##.....
#.##.##..##.#
#..##)..#........ #. #(.#.##
.# #######...##....† # †#...
## #####........ . #.#
#......#..... #. #.
#.########### #. .. ### #


You could see 2 orc priests.

Vanquished Creatures
  An orc wizard (D:2)
  4 gnolls
  2 adders (D:2)
  An ooze (D:2)
  2 dart slugs (D:1)
  6 orcs
  3 bats
  A giant cockroach (D:2)
  7 goblins
  5 hobgoblins
  4 jackals (D:1)
  2 frilled lizards
  8 kobolds
  8 rats
54 creatures vanquished.

Vanquished Creatures (others)
  137 foxfires
137 creatures vanquished.

Grand Total: 191 creatures vanquished

Notes
Turn   | Place    | Note
-------+----------+-------------------------------------------
     0 | D:1      | mkm the Gargoyle Fire Elementalist began the quest for the
                  | Orb.
     0 | D:1      | Reached XP level 1. HP: 10/10 MP: 3/3
   202 | D:1      | Reached XP level 2. HP: 9/15 MP: 0/5
  1024 | D:1      | Reached XP level 3. HP: 19/19 MP: 3/6
  1709 | D:2      | Reached XP level 4. HP: 24/24 MP: 5/8
  1887 | D:2      | Found an ornate altar of the Wu Jian Council.
  2864 | D:3      | Found a hide-covered altar of Uskayaw.
  2933 | D:3      | Reached XP level 5. HP: 25/28 MP: 5/9
  2966 | D:2      | Reached skill level 4 in Fire Magic
  3291 | D:3      | Killed from afar by an orc priest

Illustrated notes

Levels and vault maps discovered:
D:1:      dpeg_arrival_rooms_with_view, layout_basic
D:2:      layout_basic, nicolae_overflow_hidden_temple
D:3:      layout_rooms, grunt_gozag_breadcrumbs, lemuel_round_altar,
          eat_drink_and_be_merry_uskayaw, minmay_lizard_king

Skill      XL: |  1  2  3  4  5 |
---------------+----------------+-----
Conjurations   | 2 3 |  3.2
Spellcasting   | 3 |  3.2
Fire Magic     | 4 |  4.1
Dodging        | |  1.5
Stealth        | |  2.1

Action                   |  1- 3 |  4- 6 || total
-------------------------+-------+-------++-------
Melee: Unarmed           |     2 |       ||     2
       Dagger            |    22 |    25 ||    47
 Cast: Foxfire           |    38 |    44 ||    82
  Use: Scroll            |       |     1 ||     1
 Stab: Sleeping          |     1 |       ||     1
Armor: Robe              |    11 |     6 ||    17
       Skin              |       |    18 ||    18
Dodge: Dodged            |    28 |    31 ||    59

Table legend: (Time is in decaauts)
 A = Elapsed time spent in this place.
 B = Non-inter-level travel time spent in this place.
 C = Inter-level travel time spent in this place.
 D = Time resting spent in this place.
 E = Time spent auto-exploring this place.
 F = Levels seen in this place.
 G = Mean time per level.
                   A        B        C        D        E       F      G
               +--------+--------+--------+--------+--------+-----+--------+
         Total |   3294 |   3200 |     94 |    891 |   1636 |   3 | 1098.0 |
       Dungeon |   3294 |   3200 |     94 |    891 |   1636 |   3 | 1098.0 |
               +--------+--------+--------+--------+--------+-----+--------+

Top non-repeatable levels by time:
     D:1: 1536 daAuts
     D:2: 1381 daAuts
     D:3: 377 daAuts
